 Dungeon Crawl Stone Soup version 0.30-a0-393-g54b8e3be05 (webtiles) character file.

Game seed: 17827100538236812488

213 bande the Trooper (level 5, 0/33 HPs)
             Began as a Gargoyle Fighter on Dec 6, 2022.
             Slain by Duvessa
             ... wielding a +0 rapier
              (7 damage)
             ... on level 4 of the Dungeon.
             The game lasted 00:04:55 (2976 turns).

bande the Trooper (Gargoyle Fighter)                Turns: 2976, Time: 00:04:56

Health: 0/33       AC: 19    Str: 19    XL:     5   Next: 90%
Magic:  5/5        EV:  5    Int:  9    God:
Gold:   214        SH:  4    Dex: 11    Spells: 4/4 levels left

rFire   . . .      SeeInvis .    a - +0 war axe
rCold   . . .      Faith    +    c - +0 buckler
rNeg    + . .      Spirit   .    j - +0 plate armour
rPois   ∞          Reflect  .    g - +2 hat
rElec   +          Harm     .    s - +0 cloak
rCorr   .          Rampage  .    (no gloves)
Will    .....                    (no boots)
Stlth   ..........               e - amulet of faith
HPRegen 0.25/turn                (no ring)
MPRegen 0.09/turn                (no ring)

@: lit by a corona, glowing
A: sickness immunity, AC +4, negative energy resistance 1, electricity
resistance, torment resistance 1, petrification resistance
a: no special abilities


You were on level 4 of the Dungeon.
You visited 2 branches of the dungeon, and saw 5 of its levels.

You collected 214 gold pieces.

Inventory:

Hand Weapons
 a - a +0 war axe (weapon)
 b - a +2 mace of holy wrath
 o - a +0 war axe
Armour
 c - a +0 buckler (worn)
 g - a +2 hat (worn)
 j - a +0 plate armour (worn)
 s - a +0 cloak (worn)
Jewellery
 e - an amulet of faith (around neck)
 i - an amulet of the acrobat
Scrolls
 f - 2 scrolls of identify
Potions
 d - a potion of might
 h - a potion of heal wounds
 k - a potion of curing
 l - 2 potions of attraction {unknown}
 n - a potion of ambrosia {unknown}
 p - a potion of brilliance {unknown}
 q - a potion of cancellation {unknown}
 r - a potion of mutation {unknown}


   Skills:
 + Level 4.2 Fighting
 + Level 4.1 Axes
 + Level 4.2 Armour
 + Level 3.7 Shields


You had 4 spell levels left.
You didn't know any spells.
Your spell library contained the following spells:

 Spells                   Type           Power      Damage    Failure   Level
 Beastly Appendage        Tmut           0%         N/A       100%        1
 Necrotise                Necr           0%         1d4       100%        1
 Shock                    Conj/Air       0%         1d3       100%        1
 Poisonous Vapours        Pois/Air       0%         N/A       100%        2
 Inner Flame              Hex/Fire       0%         N/A       100%        3
 Kindle Blastsparks       Fire/Tloc/Air  0%         2d10      100%        3
 Mephitic Cloud           Conj/Pois/Air  0%         N/A       100%        3
 Flame Wave               Conj/Fire      0%         2d4       100%        4
 Fulminant Prism          Conj/Hex       0%         3d5       100%        4
 Iskenderun's Mystic Bla  Conj/Tloc      0%         2d3       100%        4
 Sticky Flame             Conj/Fire      0%         2d3       100%        4
 Lee's Rapid Deconstruct  Erth           0%         3d4*      100%        5
 Yara's Violent Unravell  Hex/Tmut       0%         3d3       100%        5
 Enfeeble                 Hex            0%         N/A       100%        7
 Cigotuvi's Dreadful Rot  Necr/Pois/Air  Unusable   N/A       N/A         2

Dungeon Overview and Level Annotations

Branches:
Dungeon (4/15)             Temple (1/1) D:4

Altars:
Ashenzari
Fedhas
Gozag
Hepliaklqana
Kikubaaqudgha
Qazlal
Ru
Yredelemnul
Zin
Lugonu

Shops:
D:2 (

Annotations:
D:4 Dowan, Duvessa


Innate Abilities, Weirdness & Mutations

You are immune to sickness and miasma.
Your stone body is resilient. (AC +4)
You are immune to poison.
You resist negative energy. (rN+)
You are resistant to electric shocks. (rElec)
You are resistant to unholy torment.
You are immune to petrification.


Message History

Dowan points at you and mumbles some strange words.
You are outlined in light.
You hit Duvessa.
Duvessa is lightly wounded.
You hit Dowan. Duvessa hits you with a +0 rapier.
Dowan hits you with a +0 dagger. You block Duvessa's attack.
Dowan hits you but does no damage.
The kobold throws a stone.
The stone hits you but does no damage.
You hit Duvessa.
Duvessa is lightly wounded.
You hit Dowan. Duvessa barely misses you. Duvessa completely misses you.
Dowan hits you with a +0 dagger.
You hit Dowan.
Dowan is heavily wounded.
You hit Duvessa. You hit the kobold.
You kill the kobold!
Duvessa hits you but does no damage. x2; Dowan hits you but does no damage.
Unknown command.
You hit Duvessa.
Duvessa is moderately wounded.
You hit Dowan. You block Duvessa's attack. Dowan barely misses you.
Duvessa hits you with a +0 rapier. Dowan barely misses you.
Unknown command.
You barely miss Duvessa.
Duvessa is moderately wounded.
You closely miss Dowan. Duvessa hits you but does no damage.
Duvessa hits you with a +0 rapier. Dowan hits you with a +0 dagger.
* * * LOW HITPOINT WARNING * * *
Unknown command.
You closely miss Duvessa.
Duvessa is moderately wounded.
You barely miss Dowan. You block Duvessa's attack.
Duvessa hits you with a +0 rapier.
* * * LOW HITPOINT WARNING * * *
Dowan mumbles some strange words.
Dowan blinks!
You barely miss Duvessa.
Duvessa is moderately wounded.
Duvessa hits you with a +0 rapier!
You die...

..<.....###.............##
........#.......###.......
..........###.#.#####(.#..
....[...### #.#..#......#
........# #.##...####..#
........# #......####..
........#########.........
#.#######..........###...#
....# ......e@#..?..#.#
....# .......)§..##.#
....# #..........# ....#
#.###..##### ....# # ...
##### ...# ..## ###


You could see Duvessa (berserk).

Vanquished Creatures
  2 orc priests
  An orc wizard (D:3)
  7 adders
  6 orcs
  3 bats
  6 endoplasms
  2 giant cockroaches
  8 hobgoblins
  3 jackals (D:3)
  A quokka (D:4)
  5 ball pythons
  2 frilled lizards
  7 goblins
  8 kobolds
  2 rats
63 creatures vanquished.

Notes
Turn   | Place    | Note
-------+----------+-------------------------------------------
     0 | D:1      | bande the Gargoyle Fighter began the quest for the Orb.
     0 | D:1      | Reached XP level 1. HP: 14/14 MP: 1/1
    29 | D:1      | Found a faded altar of an unknown god.
   131 | D:1      | Reached XP level 2. HP: 19/19 MP: 2/2
   817 | D:2      | Reached XP level 3. HP: 24/24 MP: 3/3
  1030 | D:2      | Identified the +4 falchion of the Inferno {vorpal, rElec}
  1050 | D:2      | Reached XP level 4. HP: 29/29 MP: 4/4
  1190 | D:2      | Found Mienida's Antique Weapon Emporium.
  1940 | D:3      | Reached XP level 5. HP: 33/33 MP: 5/5
  1969 | D:3      | Found an opulent altar of Gozag.
  2043 | D:3      | Got Rites and Rhymes for Neophytes
  2880 | D:4      | Found a staircase to the Ecumenical Temple.
  2884 | Temple   | Entered the Ecumenical Temple
  2964 | D:4      | Noticed Duvessa
  2964 | D:4      | Noticed Dowan
  2976 | D:4      | Slain by Duvessa

Illustrated notes

Levels and vault maps discovered:
D:1:      lightli_arrival_noodles, layout_basic,
          shapermc_ecumenical_altar_acropolis, st_stairs_5
D:2:      layout_basic, serial_shops, nicolae_shop_stone, minmay_misc_feat_tiny
D:3:      layout_loops_corners, nicolae_gozag_seed_capital
D:4:      layout_rooms, tso_altar, kennysheep_mini, temple_hall_moat,
          minmay_vboxes, uniq_duvessa
Temple:   corrupted_temple

Skill      XL: |  1  2  3  4  5 |
---------------+----------------+-----
Axes           | 2 3 4 |  4.1
Fighting       | 4 |  4.2
Armour         | 4 |  4.2
Shields        | |  3.7

Action                   |  1- 3 |  4- 6 || total
-------------------------+-------+-------++-------
Melee: War axe           |    85 |    78 ||   163
  Use: Scroll            |       |     7 ||     7
Armor: Scale mail        |    35 |       ||    35
       Plate armour      |    32 |    68 ||   100
Dodge: Dodged            |    46 |    20 ||    66
Block: Buckler           |    19 |    26 ||    45

Table legend: (Time is in decaauts)
 A = Elapsed time spent in this place.
 B = Non-inter-level travel time spent in this place.
 C = Inter-level travel time spent in this place.
 D = Time resting spent in this place.
 E = Time spent auto-exploring this place.
 F = Levels seen in this place.
 G = Mean time per level.
                   A        B        C        D        E       F      G
               +--------+--------+--------+--------+--------+-----+--------+
         Total |   3045 |   2998 |     47 |    587 |   1764 |   5 |  609.0 |
       Dungeon |   2992 |   2945 |     47 |    587 |   1740 |   4 |  748.0 |
        Temple |     52 |     52 |      0 |      0 |     24 |   1 |   52.0 |
               +--------+--------+--------+--------+--------+-----+--------+

Top non-repeatable levels by time:
     D:2: 1131 daAuts
     D:3: 916 daAuts
     D:1: 828 daAuts
     D:4: 115 daAuts
  Temple: 52 daAuts
